 Dungeon Crawl Stone Soup version 0.30-a0-509-gd016549fea (webtiles) character file.

Game seed: 13085557477727902929

1240642 cforsyth the Omniscient (level 27, 242/242 HPs)
             Began as a Gnoll Wanderer on Dec 22, 2022.
             Was the Champion of Ashenzari.
             Escaped with the Orb
             ... and 3 runes on Dec 23, 2022!
             The game lasted 06:17:59 (153582 turns).

cforsyth the Omniscient (Gnoll Wanderer)          Turns: 153582, Time: 06:18:00

Health: 242/242    AC: 22    Str: 15    XL:     27
Magic:  32/47      EV: 29    Int: 28    God:    Ashenzari [******]
Gold:   6030       SH: 25    Dex: 24    Spells: 5/77 levels left

rFire   + + +      SeeInvis +    h - +8 rapier of the Cryptic Pleiades {venom, Contam rF+++ Str+4 Int+4 Dex+2, Bglg, Elem} (curse)
rCold   + + .      Faith    .    g - +2 shield of Resistance {rF++ rC++ Will++, Bglg, Range} (curse)
rNeg    + + +      Spirit   .    u - +2 robe "Ensconced Together" {rC+ rF+, Fort, Evo} (curse)
rPois   +          Reflect  +    S - +0 helmet "Gaze Upon Infinity" {rC+, Melee, Elem} (curse)
rElec   +          Harm     .    c - +2 cloak of the Tethered Sphere {rPois, Comp, Elem} (curse)
rCorr   +          Rampage  .    C - +2 pair of gloves of the Chained Seeker {rElec Will+, Elem, Bglg} (curse)
Will    +++++      Clarity  +    J - +2 pair of boots of Supernal Understanding {Stlth+, Elem, Self} (curse)
Stlth   +++.......               x - amulet "Enlightened Omen" {Reflect rCorr Dex+2 SH+5, Self, Alch} (curse)
HPRegen 0.60/turn                e - ring of Supernal Understanding {Fire Will+++ Str-5 Int+3 Dex+4, Self, Elem} (curse)
MPRegen 0.30/turn                k - ring of Ashenzari's Soothsayer {Fire Drain rN+++ rCorr Str+4, Fort, Self} (curse)

@: hasted, studying 2 skills, very quick
A: fangs 1, strong nose, distributed training, iridescent scales 1, low MP 1,
mutation resistance 1, screaming 1
0: Orb of Zot
}: 3/15 runes: decaying, silver, gossamer
a: Renounce Religion, Shatter the Chains


You escaped.
You worshipped Ashenzari.
Ashenzari was exalted by your worship.
You visited 10 branches of the dungeon, and saw 48 of its levels.
You visited the Abyss 1 time.
You visited 1 bazaar.
You also visited: Trove, Gauntlet and Wizlab.

You collected 9747 gold pieces.
You spent 3717 gold pieces at shops.

Inventory:

Hand Weapons
 h - the cursed +8 rapier of the Cryptic Pleiades (weapon) {venom, Contam rF+++ Str+4 Int+4 Dex+2, Bglg, Elem}
   (You took it off a minotaur in a Gauntlet)

   It poisons the flesh of those it strikes.
   Str:       It affects your strength (+4).
   Int:       It affects your intelligence (+4).
   Dex:       It affects your dexterity (+2).
   rF:        It renders you almost immune to fire.
   Contam:    It causes magical contamination when unequipped.
   It has a curse which improves the following skills: Beguiling: Conjurations,
   Hexes and Translocations.
   Elements:  Fire Magic, Ice Magic, Air Magic and Earth Magic.
Missiles
 M - 10 silver javelins
Armour
 c - the cursed +2 cloak of the Tethered Sphere (worn) {rPois, Comp, Elem}
   (You took it off Nikola on level 1 of the Spider Nest)

   It has a curse which improves the following skills: Companions: Summonings
   and Necromancy.
   Elements:  Fire Magic, Ice Magic, Air Magic and Earth Magic.
 g - the cursed +2 shield of Resistance (worn) {rF++ rC++ Will++, Bglg, Range}
   (You bought it in a shop in a bazaar)

   rF:        It greatly protects you from fire.
   rC:        It greatly protects you from cold.
   Will:      It greatly increases your willpower.
   It has a curse which improves the following skills: Beguiling: Conjurations,
   Hexes and Translocations.
   Ranged Combat: Ranged Weapons and Throwing.
 s - the +1 pair of boots of Qumaqov {rElec Int+3 Stlth+}
   (You bought it in a shop in a bazaar)

   Int:       It affects your intelligence (+3).
   rElec:     It insulates you from electricity.
   Stlth:     It makes you more stealthy.
 u - the cursed +2 robe "Ensconced Together" (worn) {rC+ rF+, Fort, Evo}
   (You took it off an orc sorcerer on level 15 of the Dungeon)

   It has a curse which improves the following skills: Fortitude: Armour and
   Shields.
   Evocations: Evocations.
 C - the cursed +2 pair of gloves of the Chained Seeker (worn) {rElec Will+, Elem, Bglg}
   (You acquired it on level 12 of the Dungeon)

   rElec:     It insulates you from electricity.
   Will:      It increases your willpower.
   It has a curse which improves the following skills: Elements: Fire Magic, Ice
   Magic, Air Magic and Earth Magic.
   Beguiling: Conjurations, Hexes and Translocations.
 J - the cursed +2 pair of boots of Supernal Understanding (worn) {Stlth+, Elem, Self}
   (You found it on level 8 of the Dungeon)

   It has a curse which improves the following skills: Elements: Fire Magic, Ice
   Magic, Air Magic and Earth Magic.
   Introspection: Fighting and Spellcasting.
 L - the +1 cloak of Starlight {*Dazzle EV+4 Stlth--}
   (You found it in a wizard's laboratory)

   It may blind those who miss an attack against the wearer in melee combat.
   EV:        It affects your evasion (+4).
   Stlth:     It makes you much less stealthy.
 S - the cursed +0 helmet "Gaze Upon Infinity" (worn) {rC+, Melee, Elem}
   (You found it on level 2 of the Swamp)

   rC:        It protects you from cold.
   It has a curse which improves the following skills: Melee Combat: Short
   Blades, Long Blades, Axes, Maces & Flails, Polearms, Staves and Unarmed
   Combat.
   Elements:  Fire Magic, Ice Magic, Air Magic and Earth Magic.
Jewellery
 e - the cursed ring of Supernal Understanding (left hand) {Fire Will+++ Str-5 Int+3 Dex+4, Self, Elem}
   (You found it in a treasure trove)

   [ring of fire]

   It enhances your fire magic.
   Str:       It affects your strength (-5).
   Int:       It affects your intelligence (+3).
   Dex:       It affects your dexterity (+4).
   rF:        It protects you from fire.
   rC:        It makes you vulnerable to cold.
   Will:      It greatly increases your willpower.
   It has a curse which improves the following skills: Introspection: Fighting
   and Spellcasting.
   Elements:  Fire Magic, Ice Magic, Air Magic and Earth Magic.
 k - the cursed ring of Ashenzari's Soothsayer (right hand) {Fire Drain rN+++ rCorr Str+4, Fort, Self}
   (You bought it in a shop on level 1 of the Depths)

   [ring of fire]

   It enhances your fire magic.
   Str:       It affects your strength (+4).
   rF:        It protects you from fire.
   rC:        It makes you vulnerable to cold.
   rN:        It renders you almost immune to negative energy.
   rCorr:     It protects you from acid and corrosion.
   Drain:     It drains your maximum health when unequipped.
   It has a curse which improves the following skills: Fortitude: Armour and
   Shields.
   Introspection: Fighting and Spellcasting.
 w - the amulet of Putunk {Acrobat rF+ Will- Regen+ Str+2}
   (You found it on level 2 of the Swamp)

   [amulet of the acrobat]

   It increases your evasion while moving and waiting.
   Str:       It affects your strength (+2).
   rF:        It protects you from fire.
   Regen:     It increases your rate of health regeneration.
   Will:      It decreases your willpower.
 x - the cursed amulet "Enlightened Omen" (around neck) {Reflect rCorr Dex+2 SH+5, Self, Alch}
   (You found it in a Gauntlet)

   [amulet of reflection]

   It reflects blocked missile attacks.
   Dex:       It affects your dexterity (+2).
   rCorr:     It protects you from acid and corrosion.
   SH:        It affects your SH (+5).
   It has a curse which improves the following skills: Introspection: Fighting
   and Spellcasting.
   Alchemy:   Poison Magic and Transmutations.
 A - a ring of positive energy
Wands
 y - a wand of digging (18)
 B - a wand of flame (119)
 D - a wand of quicksilver (35)
 P - a wand of mindburst (32)
 V - a wand of iceblast (47)
 X - a wand of polymorph (21)
 Y - a wand of charming (45)
Scrolls
 a - 4 scrolls of torment
 d - 8 scrolls of poison
 f - 9 scrolls of silence
 i - 8 scrolls of magic mapping
 j - 2 scrolls of blinking
 l - 6 scrolls of summoning
 m - 12 scrolls of vulnerability
 n - 10 scrolls of immolation
 o - 11 scrolls of fear
 r - 2 scrolls of amnesia
 t - 19 scrolls of teleportation
 E - 7 scrolls of enchant armour
 I - 16 scrolls of enchant weapon
 R - 2 scrolls of brand weapon
 W - 4 scrolls of fog
Potions
 b - 7 potions of mutation
 p - 6 potions of cancellation
 q - 3 potions of magic
 v - 11 potions of attraction
 z - 21 potions of curing
 F - 3 potions of resistance
 G - 8 potions of ambrosia
 H - 3 potions of berserk rage
 K - a potion of haste
 N - 14 potions of brilliance
 O - 13 potions of might
 Q - 7 potions of flight
 T - 9 potions of lignification
 U - 11 potions of heal wounds
Miscellaneous
 Z - a phantom mirror


   Skills:
 + Level 19.2(25.1) Fighting
 + Level 19.1(21.4) Short Blades
 + Level 19.1(21.4) Long Blades
 + Level 19.1(21.4) Axes
 + Level 19.1(21.4) Maces & Flails
 + Level 19.1(21.4) Polearms
 + Level 19.1(21.4) Staves
 + Level 19.1(21.4) Ranged Weapons
 + Level 19.1(21.4) Throwing
 + Level 19.1(22.7) Armour
 + Level 19.5 Dodging
 + Level 19.1 Stealth
 + Level 19.1(22.7) Shields
 + Level 19.1(21.4) Unarmed Combat
 + Level 19.6(25.5) Spellcasting
 + Level 17.1(22.0) Conjurations
 + Level 16.2(21.2) Hexes
 + Level 16.2(18.7) Summonings
 + Level 17.3(19.8) Necromancy
 + Level 19.4(24.2) Translocations
 + Level 16.2(18.7) Transmutations
 + Level 16.2(24.3) Fire Magic
 + Level 16.2(24.3) Ice Magic
 + Level 16.2(24.3) Air Magic
 + Level 16.7(24.7) Earth Magic
 + Level 16.2(18.7) Poison Magic
 + Level 20.6 Invocations
 + Level 19.1(21.4) Evocations


You had 5 spell levels left.
You knew the following spells:

 Your Spells              Type           Power      Damage    Failure   Level
a - Stone Arrow           Conj/Erth      100%       3d13      0%          3
b - Airstrike             Air            53%        2d(8-24)  0%          4
c - Iron Shot             Conj/Erth      52%        9d10      0%          6
d - Spellforged Servitor  Conj/Summ      50%        N/A       1%          7
e - Iskenderun's Mystic   Conj/Tloc      100%       2d19      0%          4
f - Irradiate             Conj/Tmut      50%        3d28      0%          5
g - Tukima's Dance        Hex            100%       N/A       0%          3
h - Orb of Destruction    Conj           51%        9d13      1%          7
i - Lehudib's Crystal Sp  Conj/Erth      52%        10d12     1%          8
j - Enfeeble              Hex            50%        N/A       1%          7
k - Polar Vortex          Ice            53%        N/A       4%          9
l - Fire Storm            Conj/Fire      76%        8d19      8%          9

Your spell library contained the following spells:

 Spells                   Type           Power      Damage    Failure   Level
 Apportation              Tloc           100%       N/A       0%          1
 Beastly Appendage        Tmut           100%       N/A       0%          1
 Foxfire                  Conj/Fire      100%       2x1d9     0%          1
 Freeze                   Ice            100%       1d10      0%          1
 Kiss of Death            Conj/Necr      100%       2d13      0%          1
 Magic Dart               Conj           100%       1d8       0%          1
 Sandblast                Erth           100%       2d20      0%          1
 Shock                    Conj/Air       100%       1d9       0%          1
 Sting                    Tmut/Pois      100%       1d8       0%          1
 Blink                    Tloc           100%       N/A       0%          2
 Momentum Strike          Conj/Tloc      100%       3d10      0%          2
 Poisonous Vapours        Pois/Air       100%       N/A       0%          2
 Searing Ray              Conj           100%       2d8       0%          2
 Static Discharge         Conj/Air       100%       2-7/arc   0%          2
 Sublimation of Blood     Necr           98%        N/A       0%          2
 Wereblood                Tmut           96%        N/A       0%          2
 Dazzling Flash           Conj/Hex       100%       N/A       0%          3
 Frozen Ramparts          Ice            100%       1d16      0%          3
 Gell's Gravitas          Tloc           100%       N/A       0%          3
 Hailstorm                Conj/Ice       100%       3d20      0%          3
 Ignite Poison            Fire/Tmut/Pois 100%       N/A       0%          3
 Inner Flame              Hex/Fire       100%       N/A       0%          3
 Kindle Blastsparks       Fire/Tloc/Air  100%       2d18      0%          3
 Lesser Beckoning         Tloc           100%       N/A       0%          3
 Ozocubu's Armour         Ice            100%       N/A       0%          3
 Portal Projectile        Hex/Tloc       100%       N/A       0%          3
 Spider Form              Tmut/Pois      96%        N/A       0%          3
 Swiftness                Air            100%       N/A       0%          3
 Vhi's Electric Charge    Tloc/Air       100%       N/A       0%          3
 Anguish                  Hex/Necr       50%        N/A       0%          4
 Animate Armour           Summ/Erth      100%       N/A       0%          4
 Animate Dead             Necr           98%        N/A       0%          4
 Cause Fear               Hex            50%        N/A       0%          4
 Flame Wave               Conj/Fire      100%       2d21      0%          4
 Fulminant Prism          Conj/Hex       51%        3d23      0%          4
 Ice Form                 Ice/Tmut       100%       N/A       0%          4
 Olgreb's Toxic Radiance  Pois           96%        N/A       0%          4
 Passage of Golubria      Tloc           100%       N/A       0%          4
 Petrify                  Tmut/Erth      100%       N/A       0%          4
 Sticky Flame             Conj/Fire      100%       2d11      0%          4
 Summon Ice Beast         Ice/Summ       100%       N/A       0%          4
 Summon Lightning Spire   Summ/Air       100%       N/A       0%          4
 Agony                    Necr           98%        N/A       0%          5
 Arcjolt                  Conj/Air       52%        1d62      0%          5
 Blade Hands              Tmut           48%        N/A       0%          5
 Fireball                 Conj/Fire      76%        3d28      0%          5
 Freezing Cloud           Conj/Ice/Air   53%        6-21      0%          5
 Iskenderun's Battlesphe  Conj           100%       2d15      0%          5
 Lee's Rapid Deconstruct  Erth           54%        3d25*     0%          5
 Lightning Bolt           Conj/Air       52%        1d74      0%          5
 Metabolic Englaciation   Hex/Ice        52%        N/A       0%          5
 Silence                  Hex/Air        52%        N/A       0%          5
 Summon Forest            Summ/Tloc      51%        N/A       0%          5
 Summon Mana Viper        Hex/Summ       99%        N/A       0%          5
 Conjure Ball Lightning   Conj/Air       52%        3x3d19    0%          6
 Starburst                Conj/Fire      76%        6d20      0%          6
 Simulacrum               Ice/Necr       51%        N/A       1%          6
 Statue Form              Tmut/Erth      68%        N/A       1%          6
 Haunt                    Necr/Summ      48%        N/A       1%          7
 Monstrous Menagerie      Summ           48%        N/A       1%          7
 Ozocubu's Refrigeration  Ice            53%        4d19      1%          7
 Borgnjor's Revivificati  Necr           49%        N/A       1%          8
 Discord                  Hex            50%        N/A       1%          8
 Infestation              Necr           49%        N/A       1%          8
 Necromutation            Tmut/Necr      48%        N/A       2%          8
 Chain Lightning          Conj/Air       52%        3d70      8%          9
 Death's Door             Necr           49%        N/A       28%         9


Dungeon Overview and Level Annotations

Branches:
Dungeon (15/15)            Temple (1/1) D:5            Lair (5/5) D:11
  Swamp (4/4) Lair:2       Spider (4/4) Lair:3        Slime (0/5) Lair:4
    Orc (2/2) D:10            Elf (3/3) Orc:2        Vaults (5/5) D:14
  Crypt (0/3) Vaults:2     Depths (4/4) D:15            Zot (5/5) Depths:4
 WizLab (visited)         Gauntlet (visited)

Altars:
Ashenzari
Cheibriados
Dithmenos
Elyvilon
Fedhas
Gozag
Hepliaklqana
Kikubaaqudgha
Makhleb
Nemelex Xobeh
Okawaru
Qazlal
Ru
Sif Muna
Trog
Uskayaw
Vehumet
Wu Jian
Xom
Yredelemnul
Zin
The Shining One
Jiyva

Shops:
D:3 =   D:5 [?==*   D:9 (   D:10 *   D:12 (*   Orc:2 !*(=*   Elf:1 [   Elf:2 [
Vaults:1 (   Depths:1 =::*

Portals:
Hell: Depths:1 Depths:2 Depths:3 Depths:4
Abyss: D:14 Depths:2 Depths:3
Pandemonium: Orc:2 Depths:2
Ziggurat: Depths:3

Annotations:
Depths:1 3 runed translucent doors, Lidodu's ghost, adept DDFi
Depths:2 1 runed translucent door, Theoretic's ghost, adept DrEE
Zot:2 3 runed translucent doors, Zaets's ghost, veteran SpEn


Innate Abilities, Weirdness & Mutations

You have very sharp teeth.
Your uncanny sense of smell can sniff out nearby items.
Your experience applies equally to all skills.
You are partially covered in iridescent scales. (AC +2)
Your magical capacity is low. (-10% MP)
You are somewhat resistant to further mutation.
You occasionally shout uncontrollably at your foes.


Message History

You summon a servant imbued with your destructive magic!
A lorocyproca comes into view.
The air twists around and strikes the lorocyproca!
The lorocyproca is moderately wounded.
The air twists around and strikes the lorocyproca!
The lorocyproca is moderately wounded.
You block the lorocyproca's attack.
Casting: Airstrike (safe; 0% risk of failure)
Confirm with . or Enter, or press ? or * to list all spells.
Aiming: Lehudib's Crystal Spear (mildly dangerous; 1% risk of failure)
Press: ? - help, Shift-Dir - straight line, f/p - lorocyproca
Aim: a lorocyproca (moderately wounded, slightly transparent, 79% to hit)
The crystal spear hits the lorocyproca!!!
The lorocyproca is almost dead.
You block the lorocyproca's attack.
You puncture the lorocyproca!
You kill the lorocyproca!
There is a stone staircase leading up here.
You climb upwards.
Your summoned ally is left behind.
There is a stone staircase leading down here.
(D) Dungeon (T) Temple (L) Lair (S) Swamp (N) Spider Nest (M) Slime Pits (O) Orcish Mines (E) Elven Halls (V) Vaults (C) Crypt (U) Depths (H) Hell (Z) Zot
Where to? (Enter - D:1, ? - help)
Okay, then.
Unknown command.
Unknown command.
An Uwkih, a hellwing, an Ice Fiend and a tentacled monstrosity come into view.
The hellwing gives a chilling moan.
You feel yourself speed up. You block the hellwing's attack. x2
Blink to where?
Press: ? - help, Dir - move target
As you read the scroll of blinking, it crumbles to dust.
There is an open door here.
You open the door.
There is an open door here.
There is an escape hatch in the floor here.
There is a staircase leading out of the dungeon here.
You have escaped!

#...#.###############.#.#.#.#.#.#
#8.8#.# #.#.#.#.#.#.#
#...#.###############...#[#.#.#.#
#8.8#.......................#.#.#
#...#....###'###.###'###..###.#.#
#♣.8#..#.......#†#.....'....#.#.#
#...#..#.#+#.#######.#+#..#.#.#.#
#8.8#..#.+.#.#.....#.#....#...#.#
#...#..###.#.#..@..#.#.#........#
#♣.8#..###.#+#..>..#'#.#.........
#...#....#.#.#.....#.#.#.########
#8.8####...#.#.....'.#.'.# #...#
#.#'#.#'#####.#'#.# #8.8#
#.+.....#.+.......# #...#
#.###'###.###.###.###### #8.8#
#.#....................# #...#
#.#.#....#######.#####.#


There were no monsters in sight!

Vanquished Creatures
  2 ancient liches
  8 orbs of fire (Zot:5)
  4 dread liches
  Mara (Depths:1)
  A juggernaut (Depths:4)
  Sojobo (Depths:4)
  2 Killer Klowns (Zot:5)
  Saint Roka (Depths:4)
  7 golden dragons
  Nikola (Spider:1)
  3 electric golems
  Jorgrun (Swamp:1)
  An Ice Fiend (Zot:5)
  6 tentacled monstrosities
  2 deep elf blademasters
  3 liches
  2 walking earthen tomes (Depths:3)
  10 Orb Guardians (Zot:5)
  Asterion (Spider:2)
  2 deep elf master archers (Elf:3)
  A titan (Vaults:5)
  2 quicksilver dragons (Zot:1)
  Kirke (D:12)
  3 tentacled starspawn
  Gastronok (Lair:1)
  4 sphinxes
  3 death cobs
  9 storm dragons
  A thorn hunter (Swamp:2)
  3 shadow dragons
  6 fire giants
  6 tengu reavers
  A draconian monk (Zot:5)
  A fenstrider witch (Depths:2)
  4 deep elf sorcerers
  A draconian scorcher (Zot:4)
  2 draconian knights
  An emperor scorpion (Spider:4)
  6 frost giants
  6 ghost moths
  An iron dragon (Depths:3)
  An angel (WizLab)
  A draconian shifter (Zot:4)
  A balrug (Depths:2)
  A cacodemon (D:14)
  14 vault wardens
  A spriggan defender (Depths:3)
  2 deep elf elementalists
  An orc warlord (Vaults:4)
  A draconian stormcaller (Zot:4)
  5 ironbound preservers
  2 draconian annihilators (Zot:5)
  A broodmother (Spider:4)
  4 stone giants
  6 ironbound thunderhulks
  9 very ugly things
  A starflower (Abyss:3)
  2 green draconians
  2 vampire knights
  7 deep elf demonologists
  3 deep elf annihilators (Elf:3)
  An elemental wellspring (Depths:2)
  4 bunyips
  4 red draconians
  A lorocyproca (D:2)
  5 purple draconians
  7 spark wasps
  A yellow draconian (Zot:1)
  4 eleionomae
  5 white draconians
  A minotaur (Gauntlet)
  A black draconian (Zot:4)
  4 dire elephants
  A fire dragon (Depths:1)
  5 ettins
  A crystal guardian (D:14)
  A merfolk impaler (Depths:1)
  A deep elf death mage (Elf:2)
  An eidolon (Vaults:2)
  12 yaktaur captains
  2 great orbs of eyes (Vaults:3)
  3 deep elf high priests
  Fannar (Lair:2)
  2 rakshasas
  3 entropy weavers
  2 ghost crabs
  7 ice dragons
  23 hydras
  Harold (Lair:1)
  A catoblepas (Lair:1)
  17 vault guards
  2 ogre magi (Vaults:5)
  3 jorogumos
  4 ironbound frosthearts
  A peacekeeper (Vaults:4)
  A hell beast (Depths:4)
  5 boulder beetles
  4 alligators
  3 spriggan air magi
  4 centaur warriors
  11 dancing weapons
  6 hell hogs
  4 spriggan berserkers
  5 two-headed ogres
  2 deep troll shamans
  5 death yaks
  4 deep troll earth magi
  A death scarab (Spider:2)
  2 vampire magi (Depths:2)
  4 tengu warriors
  Urug (Lair:1)
  5 hell knights (Depths:2)
  3 orc high priests (Orc:2)
  2 soul eaters
  A thrashing horror (WizLab)
  A wretched star (Abyss:3)
  2 pharaoh ants (Spider:3)
  16 deep elf knights
  A sun demon (Zot:5)
  2 iron trolls
  A shadow wraith (WizLab)
  2 skeletal warriors
  A goliath frog (Lair:5)
  A quicksilver dragon simulacrum (Depths:4)
  A glowing orange brain (shapeshifter) (D:14)
  8 spriggan druids
  2 flayed ghosts (Depths:3)
  16 deep trolls
  3 steelbarb worms
  5 swamp dragons
  13 deep elf archers
  5 orb spiders
  An obsidian statue (WizLab)
  2 phantasmal warriors (Vaults:5)
  3 glowing orange brains
  7 wizards
  7 ironbound convokers
  A mana viper (WizLab)
  Pikel (D:7)
  3 bog bodies
  7 necromancers
  3 orc knights
  A harpy (Vaults:3)
  5 lindwurms
  A frost giant zombie (Depths:1)
  8 ugly things
  15 deep elf pyromancers
  2 large abominations
  2 orc sorcerers (Orc:2)
  17 deep elf zephyrmancers
  3 oklob plants (Swamp:2)
  5 will-o-the-wisps
  10 wolf spiders
  5 nameless horrors
  18 moths of wrath
  Joseph (D:7)
  2 salamanders
  2 cyclopes
  A manticore (shapeshifter) (D:13)
  12 elephants
  A worldbinder (Abyss:3)
  3 manticores
  4 black mambas
  5 vault sentinels
  A guardian serpent (shapeshifter) (Vaults:5)
  A water nymph (Depths:2)
  2 gargoyles
  4 torpor snails
  3 smoke demons
  A cane toad (shapeshifter) (Depths:3)
  An unseen horror (D:13)
  A human zombie (Vaults:4)
  17 cane toads
  8 komodo dragons
  A kobold demonologist (D:10)
  Psyche (D:7)
  3 rime drakes
  4 tengu conjurers
  2 dryads (Depths:2)
  A freezing wraith (Vaults:5)
  18 yaktaurs
  A demonic crawler (Spider:3)
  A spriggan zombie (Depths:1)
  2 trolls (D:14)
  10 tyrant leeches
  4 bloated husks
  6 meliai
  3 polar bears
  6 hornets
  41 blink frogs
  8 tarantellas
  A raiju (Abyss:3)
  5 slime creatures
  A dream sheep (shapeshifter) (Vaults:5)
  7 dream sheep
  10 culicivoras
  13 jumping spiders
  13 spriggans
  A ynoxinul (WizLab)
  4 air elementals
  8 wyverns
  2 wraiths
  2 vampires (D:14)
  55 yaks
  5 basilisks
  5 fire bats
  3 water elementals
  2 fire elementals
  Grum (D:9)
  33 redbacks
  13 vampire mosquitoes
  6 small abominations
  4 acid dragons
  11 swamp worms
  13 water moccasins
  7 hell hounds
  A floating eye (Depths:2)
  A human skeleton (Depths:3)
  2 ice beasts
  A floating eye (shapeshifter) (D:13)
  A sky beast (D:7)
  11 swamp drakes
  11 orc warriors
  2 black bears
  31 wolves
  A boggart (shapeshifter) (Vaults:5)
  6 ogres
  4 lemures (D:7)
  8 centaurs
  A phantom (D:4)
  4 kobold brigands
  17 bullfrogs
  A gnoll sergeant (Orc:1)
  3 earth elementals
  3 necrophages
  3 scorpions (D:6)
  A human simulacrum (Depths:3)
  8 wights (D:8)
  10 killer bees
  4 electric eels
  7 howler monkeys
  4 crimson imps (Depths:3)
  3 gnoll boudas
  4 starcursed masses
  14 orc priests
  3 iguanas (D:4)
  9 orc wizards
  26 gnolls
  5 adders
  A shadow imp (D:6)
  A white imp (D:7)
  5 ufetubi
  2 worms (D:3)
  2 dart slugs
  54 orcs
  8 ball pythons
  6 bats
  9 endoplasms
  3 giant cockroaches
  7 goblins
  4 hobgoblins
  20 jackals
  5 quokkas
  7 frilled lizards
  25 kobolds
  4 rats
  2 fire vortices (Zot:5)
  A lurking horror (D:14)
  A starspawn tentacle (WizLab)
1383 creatures vanquished.

Vanquished Creatures (collateral kills)
  A dread lich (Zot:4)
  An orb of fire (Zot:5)
  The ghost of Ypnaoq the Conqueror, a veteran MiFi of Okawaru (Depths:4)
  A curse toe (Zot:2)
  6 golden dragons
  The ghost of Ydiukeg the Sorcerer, a veteran SpVM of Ashenzari (Depths:4)
  6 tentacled monstrosities
  A lich (Depths:4)
  2 titans (Vaults:5)
  16 Orb Guardians
  A walking earthen tome (Depths:2)
  A walking frostbound tome (Depths:2)
  2 quicksilver dragons
  3 sphinxes
  7 death cobs
  Frances (D:14)
  A tentacled starspawn (Abyss:3)
  4 thorn hunters
  3 shadow dragons (Vaults:5)
  7 storm dragons
  2 draconian monks
  2 tengu reavers
  5 frost giants
  2 draconian knights
  The ghost of Nustrige the Fighter, an adept OpWn of Ru (D:14)
  9 fire giants
  A draconian scorcher (Zot:1)
  2 iron dragons
  2 fenstrider witches
  11 vault wardens
  2 emperor scorpions
  2 deep elf sorcerers (Elf:2)
  2 draconian annihilators
  A juggernaut zombie (Depths:2)
  A demonspawn corrupter (Depths:3)
  19 very ugly things
  3 draconian shifters
  A caustic shrike skeleton (Depths:1)
  5 stone giants
  3 war gargoyles
  A draconian stormcaller (Zot:3)
  11 ironbound preservers
  3 eleionomae
  4 deep elf demonologists (Elf:3)
  A vampire knight (Vaults:2)
  4 red draconians
  7 green draconians
  6 ironbound thunderhulks
  3 white draconians
  5 dire elephants
  Azrael (D:14)
  7 black draconians
  A spark wasp (shapeshifter) (Vaults:5)
  A bunyip (Swamp:2)
  5 deep elf annihilators
  The ghost of Iich the Martial Artist, a journeyman DsFi of Yredelemnul (Lair:5)
  3 yellow draconians (Zot:1)
  5 purple draconians
  11 spark wasps
  A deep elf death mage (Elf:3)
  6 ettins
  4 fire dragons
  A blizzard demon (WizLab)
  A crystal guardian (Vaults:3)
  2 deep elf high priests
  7 yaktaur captains
  4 entropy weavers
  3 great orbs of eyes
  22 vault guards
  A juggernaut simulacrum (Depths:1)
  A rakshasa (Depths:3)
  5 boulder beetles
  A hydra (Swamp:4)
  A salamander tyrant (Depths:2)
  3 peacekeepers
  2 ice dragons (Depths:4)
  6 ironbound frosthearts
  A centaur warrior (D:13)
  2 jorogumos
  2 demonspawn (Orc:2)
  A radroach (Spider:4)
  8 dancing weapons
  3 deep troll shamans
  3 two-headed ogres
  2 alligators
  2 merfolk aquamancers (Depths:2)
  11 deep troll earth magi
  4 tengu warriors
  3 orc high priests (Orc:2)
  A storm dragon zombie (Depths:1)
  2 sun demons
  4 spriggans
  6 deep elf knights
  3 soul eaters
  3 spriggan berserkers
  A wretched star (Abyss:3)
  2 hell knights
  6 iron trolls
  A goliath frog (Swamp:1)
  3 pharaoh ants
  A sun moth (Spider:2)
  7 skeletal warriors
  4 orb spiders
  4 steelbarb worms
  27 deep trolls
  A glowing orange brain (Abyss:3)
  3 flayed ghosts
  3 swamp dragons
  3 spriggan druids
  4 deep elf archers
  2 orc knights (Orc:2)
  4 wizards
  A phantasmal warrior (Vaults:5)
  A bog body (Swamp:1)
  A tengu zombie (Vaults:4)
  3 harpies (Vaults:3)
  10 wolf spiders
  15 ironbound convokers
  6 lindwurms
  4 orc sorcerers
  3 necromancers
  21 deep elf pyromancers
  30 ugly things
  A fire giant zombie (Depths:1)
  20 deep elf zephyrmancers
  2 worldbinders
  A salamander (Depths:2)
  A will-o-the-wisp (Swamp:4)
  A stone giant zombie (Depths:2)
  5 large abominations
  A manticore (D:15)
  A manticore (shapeshifter) (Vaults:5)
  A human skeleton (WizLab)
  4 moths of wrath
  A fire giant skeleton (Vaults:4)
  A sphinx skeleton (Depths:1)
  14 vault sentinels
  A rust devil (Orc:2)
  2 smoke demons (Abyss:3)
  An elf zombie (Vaults:4)
  An iron dragon skeleton (Depths:1)
  5 demonic crawlers
  2 orange demons
  A freezing wraith (WizLab)
  5 torpor snails
  11 yaktaurs
  2 dryads (Depths:2)
  A human zombie (Vaults:4)
  2 nameless horrors
  2 efreet
  A yaktaur skeleton (Vaults:4)
  A tengu conjurer (Depths:3)
  An ice devil (WizLab)
  A hellwing (Vaults:3)
  A red devil (WizLab)
  3 trolls
  A troll (shapeshifter) (Vaults:5)
  5 meliai
  A meliai (shapeshifter) (Vaults:5)
  10 tarantellas
  5 tyrant leeches
  15 slime creatures
  3 hornets
  8 blink frogs (WizLab)
  2 raiju
  A stone giant simulacrum (Vaults:3)
  A spriggan (shapeshifter) (Elf:1)
  19 jumping spiders
  A wraith (D:12)
  4 starcursed masses
  A ynoxinul (Abyss:3)
  20 culicivoras
  An air elemental (Elf:1)
  A water elemental (WizLab)
  A yak (D:12)
  2 spriggan skeletons
  2 hogs (D:12)
  23 redbacks
  4 vampire mosquitoes
  An ogre zombie (Vaults:4)
  A glowing shapeshifter zombie (Depths:2)
  3 swamp worms
  3 wargs
  An acid dragon (D:12)
  A hell hound (D:14)
  A floating eye (Depths:3)
  12 orc warriors
  2 swamp drakes (Swamp:1)
  3 ogres
  4 small abominations
  5 centaurs
  An earth elemental (Elf:3)
  13 orc priests
  14 orcs
  A snaplasher vine (Depths:2)
820 creatures vanquished.

Vanquished Creatures (others)
  An eldritch tentacle (WizLab)
  A deep elf sorcerer (Elf:1)
  A dire elephant (Vaults:2)
  A bloated husk (Swamp:4)
  A human (D:12)
  A wolf (Lair:3)
  3 bushes
  24 fire vortices (Zot:5)
  22 foxfires
  70 fungi
  174 plants
  10 starspawn tentacles
  23 withered plants (Lair:4)
332 creatures vanquished.

Grand Total: 2535 creatures vanquished

Notes
Turn   | Place    | Note
-------+----------+-------------------------------------------
     0 | D:1      | cforsyth the Gnoll Wanderer began the quest for the Orb.
     0 | D:1      | cforsyth set off with the following items: a +0 dagger, a
                  | potion of invisibility, a +0 leather armour, a +0 pair of
                  | gloves; and the following spells available to memorise:
                  | Magic Dart, Searing Ray, Sandblast, Kiss of Death, Stone
                  | Arrow.
     0 | D:1      | Reached XP level 1. HP: 17/17 MP: 6/6
   109 | D:1      | Found a faded altar of an unknown god.
   199 | D:1      | Reached XP level 2. HP: 8/23 MP: 7/7
   812 | D:1      | Reached skill level 5 in Spellcasting
   812 | D:1      | Reached XP level 3. HP: 28/28 MP: 7/9
  1303 | D:1      | HP: 1/28 [gnoll/+0 club (3)]
  1309 | D:1      | Reached skill level 1 in Invocations
  2288 | D:2      | Reached skill level 1 in Short Blades
  2288 | D:2      | Reached skill level 1 in Long Blades
  2288 | D:2      | Reached skill level 1 in Axes
  2288 | D:2      | Reached skill level 1 in Maces & Flails
  2288 | D:2      | Reached skill level 1 in Polearms
  2288 | D:2      | Reached skill level 1 in Staves
  2288 | D:2      | Reached skill level 1 in Ranged Weapons
  2288 | D:2      | Reached skill level 1 in Throwing
  2288 | D:2      | Reached skill level 1 in Armour
  2288 | D:2      | Reached skill level 1 in Stealth
  2288 | D:2      | Reached skill level 1 in Shields
  2288 | D:2      | Reached skill level 1 in Unarmed Combat
  2288 | D:2      | Reached skill level 1 in Evocations
  2418 | D:2      | Learned a level 3 spell: Stone Arrow
  2726 | D:2      | Reached XP level 4. HP: 34/34 MP: 7/11
  3924 | D:3      | Reached skill level 1 in Hexes
  3924 | D:3      | Reached skill level 1 in Summonings
  3924 | D:3      | Reached skill level 1 in Necromancy
  3924 | D:3      | Reached skill level 1 in Translocations
  3924 | D:3      | Reached skill level 1 in Transmutations
  3924 | D:3      | Reached skill level 1 in Fire Magic
  3924 | D:3      | Reached skill level 1 in Ice Magic
  3924 | D:3      | Reached skill level 1 in Air Magic
  3924 | D:3      | Reached skill level 1 in Poison Magic
  4184 | D:3      | Found Umeuwk's One-of-a-Kind Rings.
  4270 | D:3      | Reached XP level 5. HP: 40/40 MP: 2/12
  5104 | D:4      | Reached skill level 2 in Invocations
  5197 | D:4      | Found an iron altar of Okawaru.
  5318 | D:4      | Reached XP level 6. HP: 47/47 MP: 0/14
  5445 | D:4      | Reached skill level 5 in Dodging
  5678 | D:4      | Found a broken altar of Ashenzari.
  6024 | D:4      | Found the +5 robe of Misfortune {Harm *Corrode *Slow EV+5}
  6409 | D:5      | Entered Level 5 of the Dungeon
  6471 | D:5      | Found a staircase to the Ecumenical Temple.
  6496 | Temple   | Entered the Ecumenical Temple
  6612 | D:4      | Became a worshipper of Ashenzari the Shackled
  6868 | D:5      | Reached XP level 7. HP: 52/52 MP: 8/15
  7673 | D:5      | Reached skill level 3 in Invocations
  8000 | D:5      | Found Sijicro's Magic Scroll Shoppe.
  8005 | D:5      | Found Uwaguong's Antique Armour Shoppe.
  8006 | D:5      | Found Riuracot's Jewellery Shoppe.
  8017 | D:5      | Found Daigub's Jewellery Shoppe.
  8228 | D:5      | Found Doxzasicw's General Store.
  8344 | D:6      | Noticed a gargoyle
  8363 | D:6      | Killed a gargoyle
  8364 | D:6      | Reached XP level 8. HP: 61/61 MP: 6/17
  8504 | D:6      | Found an ornate altar of the Wu Jian Council.
  8771 | D:6      | Noticed a wyvern
  8773 | D:6      | Killed a wyvern
  8840 | D:6      | Reached skill level 4 in Invocations
  9281 | D:6      | Found a shimmering altar of Xom.
  9282 | D:6      | Found a glowing silver altar of Zin.
  9282 | D:6      | Noticed an angel
  9288 | D:6      | Reached skill level 5 in Earth Magic
  9553 | D:6      | Found a snail-covered altar of Cheibriados.
  9676 | D:7      | Noticed Joseph
  9951 | D:7      | Reached XP level 9. HP: 68/68 MP: 7/19
 10092 | D:7      | Killed Joseph
 10093 | D:7      | Reached skill level 5 in Fighting
 10365 | D:4      | Reached * piety under Ashenzari
 10982 | D:7      | Noticed Pikel
 11371 | D:7      | Found a shimmering blue altar of Sif Muna.
 11809 | D:7      | Killed Pikel
 11810 | D:7      | Reached skill level 5 in Invocations
 11923 | D:7      | Found a radiant altar of Vehumet.
 12009 | D:8      | Noticed Psyche
 12141 | D:7      | Killed Psyche
 12629 | D:8      | Noticed a wizard
 12636 | D:8      | Killed a wizard
 12637 | D:8      | Reached skill level 5 in Short Blades
 12637 | D:8      | Reached skill level 5 in Long Blades
 12637 | D:8      | Reached skill level 5 in Axes
 12637 | D:8      | Reached skill level 5 in Maces & Flails
 12637 | D:8      | Reached skill level 5 in Polearms
 12637 | D:8      | Reached skill level 5 in Staves
 12637 | D:8      | Reached skill level 5 in Ranged Weapons
 12637 | D:8      | Reached skill level 5 in Throwing
 12637 | D:8      | Reached skill level 5 in Armour
 12637 | D:8      | Reached skill level 5 in Stealth
 12637 | D:8      | Reached skill level 5 in Shields
 12637 | D:8      | Reached skill level 5 in Unarmed Combat
 12637 | D:8      | Reached skill level 5 in Evocations
 12637 | D:8      | Reached XP level 10. HP: 76/77 MP: 4/22
 13561 | D:8      | Reached skill level 6 in Invocations
 14387 | D:8      | Found a shadowy altar of Dithmenos.
 14545 | D:8      | Found a bloodstained altar of Trog.
 14572 | D:8      | Found a glowing golden altar of the Shining One.
 14729 | D:8      | Reached ** piety under Ashenzari
 15268 | D:9      | Found a sparkling altar of Nemelex Xobeh.
 15685 | D:9      | Reached skill level 5 in Hexes
 15685 | D:9      | Reached skill level 5 in Summonings
 15685 | D:9      | Reached skill level 5 in Necromancy
 15685 | D:9      | Reached skill level 5 in Translocations
 15685 | D:9      | Reached skill level 5 in Transmutations
 15685 | D:9      | Reached skill level 5 in Fire Magic
 15685 | D:9      | Reached skill level 5 in Ice Magic
 15685 | D:9      | Reached skill level 5 in Air Magic
 15685 | D:9      | Reached skill level 5 in Poison Magic
 15749 | D:9      | Reached XP level 11. HP: 86/86 MP: 14/24
 15990 | D:9      | Identified the +6 long sword of the Weasel {vorpal, rElec
                  | rF- rC+}
 16329 | D:9      | Noticed Grum
 16333 | D:9      | Killed Grum
 16821 | D:9      | Found Cunneung's Weapon Shop.
 16879 | D:10     | Entered Level 10 of the Dungeon
 17152 | D:10     | Reached skill level 7 in Invocations
 17566 | D:10     | Found a hide-covered altar of Uskayaw.
 17576 | D:10     | Found a staircase to the Orcish Mines.
 17803 | D:10     | Found an opulent altar of Gozag.
 17804 | D:10     | Found Gozag's Platinum Reserve.
 18026 | D:10     | Learned a level 4 spell: Airstrike
 18085 | D:11     | Noticed a boulder beetle
 18156 | D:11     | Noticed a boulder beetle
 18159 | D:11     | Noticed a boulder beetle
 18195 | D:11     | Noticed a two-headed ogre
 18341 | D:11     | Noticed a cyclops
 18413 | D:10     | Killed a boulder beetle
 18508 | D:11     | Killed a two-headed ogre
 18662 | D:11     | Reached *** piety under Ashenzari
 18891 | D:11     | Killed a boulder beetle
 19999 | D:11     | Killed a cyclops
 20249 | D:11     | Found a staircase to the Lair.
 20252 | D:11     | Reached **** piety under Ashenzari
 20278 | Lair:1   | Entered Level 1 of the Lair of Beasts
 20278 | Lair:1   | Noticed Harold
 20284 | Lair:1   | Killed Harold
 20285 | Lair:1   | Reached XP level 12. HP: 93/97 MP: 13/26
 20587 | Lair:1   | Noticed Gastronok
 21072 | Lair:1   | Reached skill level 8 in Invocations
 21643 | Lair:1   | Noticed Urug
 21648 | Lair:1   | Killed Urug
 21787 | Lair:1   | Noticed a catoblepas
 21796 | Lair:1   | Killed a catoblepas
 22363 | Lair:1   | Killed Gastronok
 22664 | Lair:2   | Noticed Fannar
 22674 | Lair:2   | Noticed a six-headed hydra
 22681 | Lair:2   | Killed a six-headed hydra
 23291 | Lair:2   | Killed Fannar
 23428 | Lair:2   | Reached XP level 13. HP: 106/106 MP: 3/29
 23708 | Lair:2   | Reached skill level 9 in Invocations
 23852 | Lair:2   | Found a staircase to the Swamp.
 25210 | Lair:3   | Reached ***** piety under Ashenzari
 25470 | Lair:3   | Found a hole to the Spider Nest.
 25822 | Lair:3   | Reached skill level 10 in Spellcasting
 28132 | Lair:4   | Reached skill level 10 in Dodging
 29358 | Lair:4   | Found a staircase to the Slime Pits.
 29369 | Lair:4   | Found a viscous altar of Jiyva.
 29723 | Lair:5   | Entered Level 5 of the Lair of Beasts
 29757 | Lair:5   | Reached skill level 10 in Invocations
 29757 | Lair:5   | Reached XP level 14. HP: 112/120 MP: 7/32
 29834 | Lair:5   | Found a gate leading to a gauntlet.
 29844 | Gauntlet | Entered a Gauntlet
 29844 | Gauntlet | Found a large runed translucent door.
 29844 | Gauntlet | Found a large runed translucent door.
 29844 | Gauntlet | Found a large runed translucent door.
 29844 | Gauntlet | Found a large runed translucent door.
 29844 | Gauntlet | Found a large runed translucent door.
 29844 | Gauntlet | Found a large runed translucent door.
 29844 | Gauntlet | Found a runed translucent door.
 29844 | Gauntlet | Found a transporter.
 29844 | Gauntlet | Found a transporter.
 29844 | Gauntlet | Found a runed translucent door.
 29844 | Gauntlet | Found a large runed translucent door.
 29844 | Gauntlet | Found a large runed translucent door.
 29844 | Gauntlet | Found a large runed translucent door.
 29844 | Gauntlet | Found a large runed translucent door.
 29844 | Gauntlet | Found a large runed translucent door.
 29844 | Gauntlet | Found a large runed translucent door.
 29948 | Gauntlet | Found a transporter.
 29948 | Gauntlet | Found a transporter.
 29949 | Gauntlet | Found a large runed translucent door.
 29949 | Gauntlet | Found a large runed translucent door.
 29949 | Gauntlet | Found a large runed translucent door.
 29949 | Gauntlet | Found a large runed translucent door.
 29953 | Gauntlet | Found a runed translucent gate.
 29953 | Gauntlet | Found a runed translucent gate.
 29953 | Gauntlet | Found a runed translucent gate.
 29964 | Gauntlet | Found a transporter.
 29968 | Gauntlet | Found a transporter.
 29968 | Gauntlet | Found a transporter.
 29969 | Gauntlet | Identified the amulet "Xepeo" {Reflect rCorr Dex+2 SH+5}
 29971 | Gauntlet | Found a transporter.
 29998 | Gauntlet | Found a transporter.
 29998 | Gauntlet | Identified the ring of Eternal Night {rCorr Str+3 SInv}
 30005 | Gauntlet | Found a transporter.
 30033 | Gauntlet | Found a transporter.
 30055 | Gauntlet | Found a transporter.
 30101 | Gauntlet | Found a transporter.
 30115 | Gauntlet | Found a transporter.
 30115 | Gauntlet | Identified the amulet "Vadaoh" {Reflect Dex+4 SH+5}
 30124 | Gauntlet | Identified the +7 battleaxe "Metikh" {holy, rPois}
 30218 | Gauntlet | Found a transporter.
 30236 | Gauntlet | Found a transporter.
 30236 | Gauntlet | Identified the +10 hand axe of Temperance {antimagic, Fly
                  | rPois rF- rN+}
 30741 | Gauntlet | Identified the +8 rapier of Oluxzot {venom, Contam rF+++
                  | Str+4 Int+4 Dex+2}
 30770 | Gauntlet | Identified the +0 ring mail of Poor Excuses {SInv}
 30791 | Lair:5   | Found a transporter.
 34250 | Lair:5   | Reached skill level 10 in Fighting
 36751 | Lair:5   | Reached skill level 10 in Conjurations
 36870 | Lair:5   | Found a transporter.
 36870 | Lair:5   | Noticed Iich's ghost (journeyman DsFi)
 36985 | Lair:5   | Found a bloodstained altar of Trog.
 38171 | Lair:5   | Reached skill level 10 in Short Blades
 38171 | Lair:5   | Reached skill level 10 in Long Blades
 38171 | Lair:5   | Reached skill level 10 in Axes
 38171 | Lair:5   | Reached skill level 10 in Maces & Flails
 38171 | Lair:5   | Reached skill level 10 in Polearms
 38171 | Lair:5   | Reached skill level 10 in Staves
 38171 | Lair:5   | Reached skill level 10 in Ranged Weapons
 38171 | Lair:5   | Reached skill level 10 in Throwing
 38171 | Lair:5   | Reached skill level 10 in Armour
 38171 | Lair:5   | Reached skill level 10 in Stealth
 38171 | Lair:5   | Reached skill level 10 in Shields
 38171 | Lair:5   | Reached skill level 10 in Unarmed Combat
 38171 | Lair:5   | Reached skill level 10 in Evocations
 39138 | Lair:5   | Reached XP level 15. HP: 127/127 MP: 19/34
 39395 | Orc:1    | Entered Level 1 of the Orcish Mines
 39671 | Orc:1    | Reached skill level 11 in Invocations
 40179 | Orc:1    | Learned a level 6 spell: Iron Shot
 40187 | Orc:1    | Learned a level 7 spell: Spellforged Servitor
 40306 | Orc:2    | Entered Level 2 of the Orcish Mines
 40334 | Orc:2    | Learned a level 5 spell: Irradiate
 40480 | Orc:2    | Found a staircase to the Elven Halls.
 40775 | Orc:2    | Found Vikh's General Store.
 40867 | Orc:2    | Found Raobruanu's Distillery.
 40919 | Orc:2    | Paralysed by an orc sorcerer for 5 turns
 41599 | Orc:2    | Bought a potion of heal wounds for 75 gold pieces
 41599 | Orc:2    | Bought a potion of heal wounds for 75 gold pieces
 41599 | Orc:2    | Bought a potion of magic for 120 gold pieces
 41928 | Orc:2    | Found Magaczur's CLEARANCE SALE!.
 42573 | Orc:2    | Found Kytotuix's Jewellery Emporium.
 42573 | Orc:2    | Found Azoed's Antique Weapon Shoppe.
 42574 | Orc:2    | Found a one-way gate leading to the halls of Pandemonium.
 42713 | Orc:2    | Paralysed by an orc sorcerer for 5 turns
 43430 | D:12     | Found Guticheuf's General Store.
 43434 | D:12     | Bought a scroll of acquirement for 624 gold pieces
 43434 | D:12     | Bought a scroll of acquirement for 624 gold pieces
 43434 | D:12     | Acquired 724 gold pieces
 43435 | D:12     | Acquired the +2 pair of gloves of Patterns {rElec Will+}
 43633 | D:12     | Found Jurin's Weapon Shoppe.
 43797 | D:12     | Noticed Kirke
 43826 | D:12     | Killed Kirke
 44147 | D:12     | Learned a level 4 spell: Iskenderun's Mystic Blast
 44590 | D:13     | Found a glowing silver altar of Zin.
 45955 | D:14     | Reached skill level 10 in Earth Magic
 45957 | D:14     | Reached XP level 16. HP: 101/136 MP: 3/35
 46137 | D:14     | Noticed Frances
 46158 | D:14     | Noticed Azrael
 46869 | D:14     | Found a transporter.
 47355 | D:14     | Found a gate to the Vaults.
 47694 | D:14     | Reached skill level 12 in Invocations
 47749 | D:14     | Killed Frances
 48241 | D:14     | Killed Azrael
 48542 | D:14     | Found a transporter.
 48848 | D:15     | Entered Level 15 of the Dungeon
 50090 | D:15     | Found a staircase to the Depths.
 50637 | D:15     | Identified the Directory of Cloudy Battle Magic
 50659 | D:15     | Learned a level 3 spell: Tukima's Dance
 51236 | Spider:1 | Entered Level 1 of the Spider Nest
 51760 | Spider:1 | Noticed Nikola
 51768 | Spider:1 | Killed Nikola
 55976 | Spider:2 | Reached XP level 17. HP: 140/148 MP: 29/39
 56332 | Spider:2 | Reached skill level 10 in Hexes
 56332 | Spider:2 | Reached skill level 10 in Summonings
 56332 | Spider:2 | Reached skill level 10 in Necromancy
 56332 | Spider:2 | Reached skill level 10 in Translocations
 56332 | Spider:2 | Reached skill level 10 in Transmutations
 56332 | Spider:2 | Reached skill level 10 in Fire Magic
 56332 | Spider:2 | Reached skill level 10 in Ice Magic
 56332 | Spider:2 | Reached skill level 10 in Air Magic
 56332 | Spider:2 | Reached skill level 10 in Poison Magic
 56636 | Spider:2 | Noticed Asterion
 56680 | Spider:2 | Killed Asterion
 57007 | Spider:2 | Identified the +0 leather armour "Edelu" {Dex+4}
 57834 | Spider:2 | Reached skill level 13 in Invocations
 58417 | Spider:3 | Found a transporter.
 59337 | Spider:3 | Found a transporter.
 59337 | Spider:3 | Identified the +2 pair of boots "Ziepna Rozxu" {Slay+2}
 60819 | Spider:4 | Entered Level 4 of the Spider Nest
 62192 | Spider:4 | Identified the +10 plate armour of Greed {rElec Regen+}
 63386 | Spider:4 | Identified the +1 scale mail of the Valley of Death {rF+
                  | Str+3 Dex+2}
 64297 | Spider:4 | Reached XP level 18. HP: 135/157 MP: 1/40
 64833 | Spider:4 | Identified the +1 hat "Asydgh" {Regen+}
 64833 | Spider:4 | Identified the +0 pair of gloves "Hegh" {rF+ SInv}
 64851 | Spider:4 | Got a gossamer rune of Zot
 65138 | Swamp:1  | Entered Level 1 of the Swamp
 66413 | Swamp:1  | Noticed Jorgrun
 66423 | Swamp:1  | Killed Jorgrun
 68545 | Swamp:2  | Learned a level 7 spell: Orb of Destruction
 70185 | Swamp:2  | Identified the +0 helmet of Grace {rC+}
 71205 | Swamp:2  | Identified the amulet of Putunk {Acrobat rF+ Will- Regen+
                  | Str+2}
 71718 | Swamp:3  | Identified the ring "Esosm" {rF+ Int+3}
 71759 | Swamp:3  | Reached skill level 14 in Invocations
 71912 | Swamp:3  | Identified the +1 falchion of the Dungeon {distort, rElec
                  | rPois rF- Int+5}
 73861 | Swamp:4  | Entered Level 4 of the Swamp
 80335 | Swamp:4  | Reached XP level 19. HP: 160/165 MP: 23/42
 81113 | Swamp:4  | Got a decaying rune of Zot
 82316 | D:14     | Noticed Nustrige's ghost (adept OpWn)
 83285 | D:14     | Killed Nustrige's ghost
 83442 | D:14     | Found a one-way gate to the infinite horrors of the Abyss.
 84131 | Lair:5   | Killed Iich's ghost
 85587 | Vaults:1 | Entered Level 1 of the Vaults
 87081 | Vaults:1 | Found Weluit's Weapon Boutique.
 89443 | Vaults:2 | Reached skill level 15 in Invocations
 89753 | Vaults:2 | Acquired 1219 gold pieces
 89819 | Vaults:2 | Reached ****** piety under Ashenzari
 89948 | Vaults:2 | Reached XP level 20. HP: 176/176 MP: 20/44
 89968 | Vaults:2 | Learned a level 8 spell: Lehudib's Crystal Spear
 90072 | Vaults:2 | Found a portal to a secret trove of treasure.
 90728 | Vaults:2 | Identified the +5 long sword "Cykycrag" {distort, rC+ rCorr
                  | Dex+3 Stlth+}
 91219 | Vaults:2 | Found a staircase to the Crypt.
 91978 | Vaults:3 | Found a magical portal.
 91987 | WizLab   | Entered The Roulette of Golubria
 91987 | WizLab   | Found a transporter.
 92327 | WizLab   | Found a corrupted altar of Lugonu.
 92419 | WizLab   | Found a transporter.
 92455 | WizLab   | Reached skill level 15 in Spellcasting
 92533 | WizLab   | Identified the -1 cloak "Redied" {Rampage *Corrode rElec
                  | rN+}
 92590 | WizLab   | Found a transporter.
 92686 | WizLab   | Found a transporter.
 92760 | WizLab   | Found a corrupted altar of Lugonu.
 92775 | WizLab   | Identified Golubria's Tome of the Wayfarer
 92792 | WizLab   | Found a transporter.
 93035 | WizLab   | Found a transporter.
 93035 | WizLab   | Found a transporter.
 93153 | WizLab   | Found a transporter.
 93153 | WizLab   | Found a transporter.
 93250 | WizLab   | Found a corrupted altar of Lugonu.
 93275 | WizLab   | Found a transporter.
 93275 | WizLab   | Found a transporter.
 93300 | WizLab   | Found a transporter.
 93403 | WizLab   | Found a transporter.
 93403 | WizLab   | Found a transporter.
 93473 | WizLab   | Found a transporter.
 93473 | WizLab   | Found a transporter.
 93780 | WizLab   | Found a transporter.
 93780 | WizLab   | Found a transporter.
 93867 | WizLab   | Identified the -2 cloak of True Grit {MP+9 Int+2}
 93869 | WizLab   | Found a transporter.
 93869 | WizLab   | Found the +1 cloak of Starlight {*Dazzle EV+4 Stlth--}
 93870 | WizLab   | Found a transporter.
 94132 | Vaults:3 | Reached skill level 15 in Dodging
 94301 | Abyss:3  | Cast into level 3 of the Abyss (a wizard)
 94470 | Abyss:3  | Found a corrupted altar of Lugonu.
 94636 | Abyss:3  | Noticed a bone dragon
 94646 | Abyss:3  | Paralysed by accursed screaming for 1 turns
 94650 | Vaults:3 | Escaped the Abyss
 95300 | Vaults:3 | Reached XP level 21. HP: 185/185 MP: 37/46
 96004 | Vaults:3 | Reached skill level 16 in Invocations
 96385 | Vaults:3 | Reached skill level 15 in Fighting
 97052 | Vaults:2 | You paid a toll of 5 scrolls of fog to enter a treasure
                  | trove
 97053 | Trove    | Entered a treasure trove
 97063 | Trove    | Identified the +9 quarterstaff "Eviscerator" {venom, *Rage
                  | rElec rC++ rN+}
 97084 | Trove    | Identified the ring "Laanepin" {Fire Will+++ Str-5 Int+3
                  | Dex+4}
 97085 | Trove    | Identified the amulet of Lewoabby {Reflect Int+2 SH+5}
 99181 | Vaults:4 | Reached skill level 15 in Short Blades
 99181 | Vaults:4 | Reached skill level 15 in Long Blades
 99181 | Vaults:4 | Reached skill level 15 in Axes
 99181 | Vaults:4 | Reached skill level 15 in Maces & Flails
 99181 | Vaults:4 | Reached skill level 15 in Polearms
 99181 | Vaults:4 | Reached skill level 15 in Staves
 99181 | Vaults:4 | Reached skill level 15 in Ranged Weapons
 99181 | Vaults:4 | Reached skill level 15 in Throwing
 99181 | Vaults:4 | Reached skill level 15 in Armour
 99181 | Vaults:4 | Reached skill level 15 in Stealth
 99181 | Vaults:4 | Reached skill level 15 in Shields
 99181 | Vaults:4 | Reached skill level 15 in Unarmed Combat
 99181 | Vaults:4 | Reached skill level 15 in Evocations
101528 | Elf:1    | Entered Level 1 of the Elven Halls
102937 | Elf:1    | Reached XP level 22. HP: 161/190 MP: 8/46
103623 | Elf:1    | Identified Unnil's Commentary on Blasts
103825 | Elf:1    | Found Laonn's Armour Shoppe.
104780 | Elf:2    | Paralysed by an air elemental for 1 turns
104969 | Elf:2    | Found Husugh's Antique Armour Emporium.
106036 | Elf:2    | Found a runed translucent gate.
106037 | Elf:2    | Found a runed translucent gate.
106037 | Elf:2    | Found a runed translucent gate.
107177 | Elf:3    | Entered Level 3 of the Elven Halls
107273 | Elf:3    | Found a flickering gateway to a bazaar.
107282 | Bazaar   | Entered a bazaar
107286 | Bazaar   | Found Riogha's Distillery.
107317 | Bazaar   | Found Katug's Armour Boutique.
107317 | Bazaar   | Found Vaurph Abank's Magic Scroll Shop.
107343 | Bazaar   | Found Koptage's Armour Boutique.
107376 | Bazaar   | Bought a potion of heal wounds for 35 gold pieces
107376 | Bazaar   | Bought a potion of heal wounds for 35 gold pieces
107376 | Bazaar   | Bought 2 potions of magic for 112 gold pieces
107388 | Bazaar   | Bought a scroll of magic mapping for 67 gold pieces
107388 | Bazaar   | Bought a scroll of fear for 36 gold pieces
107388 | Bazaar   | Bought a scroll of teleportation for 27 gold pieces
107394 | Bazaar   | Bought the +2 shield of Resistance {rF++ rC++ Will++} for
                  | 493 gold pieces
107394 | Bazaar   | Found the +2 shield of Resistance {rF++ rC++ Will++}
107402 | Bazaar   | Bought the +1 pair of boots of Qumaqov {rElec Int+3 Stlth+}
                  | for 228 gold pieces
107531 | Elf:3    | Paralysed by an air elemental for 1 turns
108214 | Elf:3    | Reached skill level 17 in Invocations
108978 | Elf:3    | Identified the +3 morningstar of Kibumuph {spect, rElec
                  | Str+4 Dex+4 Stlth+}
109216 | Elf:3    | Identified the +1 mace of Theory {freeze, *Corrode rN+
                  | Int+9}
109568 | Elf:3    | Identified the +5 chain mail of Lacy {Rampage Dex+2}
109986 | Elf:3    | Identified the +10 scale mail of Inference {rPois Dex+6}
109986 | Elf:3    | Identified the ring of Bympai {rF+ rC++ Stlth+}
110198 | Elf:3    | Identified the +10 dagger of Jidiy {elec, +Blink rElec
                  | Will+}
110867 | Elf:3    | Identified the Precepts of the Hurtful Caves
111331 | Depths:1 | Entered Level 1 of the Depths
111982 | Depths:1 | Found Xurch's Assorted Antiques.
112352 | Depths:1 | Found a gateway to Hell.
112451 | Depths:1 | Noticed Mara
112495 | Depths:1 | Reached XP level 23. HP: 201/201 MP: 24/48
112665 | Depths:1 | Found a runed translucent gate.
112665 | Depths:1 | Found a runed translucent gate.
112665 | Depths:1 | Found a runed translucent gate.
112665 | Depths:1 | Noticed Lidodu's ghost (adept DDFi)
112667 | Depths:1 | Found a basalt altar of Yredelemnul.
112734 | Depths:1 | Noticed cforsyth's illusion
112741 | Depths:1 | Killed Mara
113022 | Depths:1 | Reached skill level 15 in Translocations
113575 | Depths:1 | Found Kusuexesch's Jewellery Shop.
113575 | Depths:1 | Found Jeurem's Book Emporium.
113576 | Depths:1 | Found Iprat's Book Emporium.
113590 | Depths:1 | Learned a level 7 spell: Enfeeble
113605 | Depths:1 | Identified the +4 mace of the Ghost {freeze, rPois}
113767 | Depths:2 | Found an ancient bone altar of Kikubaaqudgha.
114212 | Depths:2 | Noticed Theoretic's ghost (adept DrEE)
115971 | Depths:2 | Found a runed translucent door.
115984 | Depths:2 | Acquired 784 gold pieces
116231 | Depths:2 | Identified the +3 great mace of the Moon {venom, rN+ Will++
                  | rCorr Str-3}
121925 | Depths:3 | Paralysed by a floating eye for 2 turns
122670 | Depths:3 | Paralysed by a floating eye for 2 turns
123462 | Depths:3 | Reached skill level 15 in Conjurations
125223 | Depths:3 | Reached skill level 18 in Invocations
125223 | Depths:3 | Reached XP level 24. HP: 210/210 MP: 41/49
126450 | Depths:3 | Found a shimmering altar of Xom.
126978 | Depths:3 | Found a one-way gateway to a ziggurat.
127500 | Depths:3 | Identified the +1 leather armour of Minor Irritation
                  | {rElec}
127692 | Depths:3 | Found the +10 Black Knight's barding {ponderous, rPois rN+}
127788 | Depths:4 | Entered Level 4 of the Depths
128737 | Depths:4 | Noticed a juggernaut
128741 | Depths:4 | Killed a juggernaut
129047 | Depths:4 | Noticed Saint Roka
129050 | Depths:4 | Killed Saint Roka
129985 | Depths:1 | Bought the ring of Tefun {Fire Drain rN+++ rCorr Str+4} for
                  | 1166 gold pieces
132053 | Depths:4 | Found a gate to the Realm of Zot.
132602 | Depths:4 | Noticed Sojobo
132612 | Depths:4 | Killed Sojobo
132859 | Depths:4 | Reached skill level 15 in Earth Magic
133201 | Depths:4 | Found a runed translucent gate.
133201 | Depths:4 | Found a runed translucent gate.
133201 | Depths:4 | Found a runed translucent gate.
133203 | Depths:4 | Found an ancient bone altar of Kikubaaqudgha.
133204 | Depths:4 | Noticed a dread lich
133204 | Depths:4 | Noticed a dread lich
133204 | Depths:4 | Noticed Ydiukeg's ghost (veteran SpVM)
133204 | Depths:4 | Identified the ring "Hoew Sow" {Contam MP+9 Int+4 Dex+6
                  | Stlth+}
133204 | Depths:4 | Identified the Lectures on Calefaction
133205 | Depths:4 | Noticed Ypnaoq's ghost (veteran MiFi)
133205 | Depths:4 | Identified the +2 cloak of Fresh Liberty {Regen+ Int+3}
133613 | Depths:4 | Killed a dread lich
133845 | Depths:4 | Killed Ypnaoq's ghost
134311 | Depths:4 | Killed Ydiukeg's ghost
134316 | Depths:4 | Glimpsed the power of Zot.
134587 | Vaults:4 | Learned a level 9 spell: Polar Vortex
134590 | Vaults:5 | Entered Level 5 of the Vaults
135673 | Vaults:5 | Reached XP level 25. HP: 221/221 MP: 26/50
135896 | Vaults:5 | Identified the +8 halberd "Peockia" {drain, Dex+4}
135896 | Vaults:5 | Identified the ring of Skepticism {rElec AC+4 Dex+7 Stlth+}
135901 | Vaults:5 | Identified the +2 scale mail of Shielding {Harm Str-3
                  | Int+2}
136196 | Vaults:5 | Got a silver rune of Zot
136457 | Vaults:5 | Identified the +7 great mace of the Uplifting Scorpion
                  | {pain, *Slow rF+ rN+++ Dex+3}
136748 | Vaults:5 | Identified the Volume of Singed Air
138010 | Vaults:5 | Noticed an ancient lich
138015 | Vaults:5 | Killed an ancient lich
138016 | Vaults:5 | Reached skill level 19 in Invocations
138545 | Vaults:5 | Reached skill level 15 in Hexes
138545 | Vaults:5 | Reached skill level 15 in Summonings
138545 | Vaults:5 | Reached skill level 15 in Necromancy
138545 | Vaults:5 | Reached skill level 15 in Transmutations
138545 | Vaults:5 | Reached skill level 15 in Fire Magic
138545 | Vaults:5 | Reached skill level 15 in Ice Magic
138545 | Vaults:5 | Reached skill level 15 in Air Magic
138545 | Vaults:5 | Reached skill level 15 in Poison Magic
140689 | Vaults:5 | Identified the +10 broad axe "Qorupt" {vorpal, rCorr Int+2}
141128 | Depths:4 | Killed a dread lich
141147 | Zot:1    | Entered Level 1 of the Realm of Zot
142139 | Zot:1    | Learned a level 9 spell: Fire Storm
142222 | Zot:1    | Reached XP level 26. HP: 224/231 MP: 26/51
143480 | Zot:2    | Found a runed translucent gate.
143481 | Zot:2    | Found a runed translucent gate.
143482 | Zot:2    | Found a runed translucent gate.
143484 | Zot:2    | Noticed Zaets's ghost (veteran SpEn)
143487 | Zot:2    | Found a viscous altar of Jiyva.
144461 | Zot:3    | Reached XP level 27. HP: 238/238 MP: 51/51
147429 | Zot:5    | Entered Level 5 of the Realm of Zot
147611 | Zot:5    | Noticed an orb of fire
147616 | Zot:5    | Gained mutation: You are clumsy. (Dex -2) [an orb of fire]
147697 | Zot:5    | Gained mutation: You are frail. (-10% HP) [an orb of fire]
148038 | Zot:5    | Gained mutation: Your magical capacity is low. (-10% MP)
                  | [an orb of fire]
148047 | Zot:5    | Killed an orb of fire
148048 | Zot:5    | Reached skill level 20 in Invocations
148730 | Zot:5    | Lost mutation: You are frail. (-10% HP) [potion of
                  | mutation]
148730 | Zot:5    | Lost mutation: You are clumsy. (Dex -2) [potion of
                  | mutation]
148730 | Zot:5    | Gained mutation: You have sharp toenails. [potion of
                  | mutation]
148730 | Zot:5    | Gained mutation: Your spells are a little harder to cast,
                  | but a little more powerful. [potion of mutation]
148891 | Zot:5    | Noticed a dread lich
148901 | Zot:5    | Killed a dread lich
149102 | Zot:5    | Noticed an orb of fire
149102 | Zot:5    | Gained mutation: You are frail. (-10% HP) [an orb of fire]
149102 | Zot:5    | Noticed an orb of fire
149107 | Zot:5    | Lost mutation: Your spells are a little harder to cast, but
                  | a little more powerful. [an orb of fire]
149120 | Zot:5    | Gained mutation: You occasionally lose the ability to read
                  | scrolls when taking damage. [an orb of fire]
149124 | Zot:5    | Killed an orb of fire
149124 | Zot:5    | Gained mutation: You are dopey. (Int -2) [an orb of fire]
149129 | Zot:5    | Killed an orb of fire
149134 | Zot:4    | Lost mutation: You have sharp toenails. [potion of
                  | mutation]
149134 | Zot:4    | Lost mutation: Your magical capacity is low. (-10% MP)
                  | [potion of mutation]
149134 | Zot:4    | Lost mutation: You occasionally lose the ability to read
                  | scrolls when taking damage. [potion of mutation]
149134 | Zot:4    | Gained mutation: You are partially covered in iridescent
                  | scales. (AC +2) [potion of mutation]
149604 | Zot:5    | Noticed an orb of fire
149613 | Zot:5    | Gained mutation: You have hidden genetic defects. [an orb
                  | of fire]
149616 | Zot:5    | Killed an orb of fire
150020 | Zot:5    | Noticed an orb of fire
150027 | Zot:5    | Killed an orb of fire
150726 | Zot:5    | Gained mutation: Your magical capacity is low. (-10% MP)
                  | [hidden defects]
150727 | Zot:5    | Lost mutation: You are dopey. (Int -2) [potion of mutation]
150727 | Zot:5    | Lost mutation: You are frail. (-10% HP) [potion of
                  | mutation]
150727 | Zot:5    | Gained mutation: You possess an exceptional clarity of
                  | mind. [potion of mutation]
150727 | Zot:5    | Lost mutation: You possess an exceptional clarity of mind.
                  | [potion of mutation]
150727 | Zot:5    | Lost mutation: You have hidden genetic defects. [potion of
                  | mutation]
150727 | Zot:5    | Gained mutation: You are somewhat resistant to further
                  | mutation. [potion of mutation]
150915 | Zot:5    | Noticed an orb of fire
150929 | Zot:5    | Noticed an orb of fire
150944 | Zot:5    | Noticed an orb of fire
151127 | Zot:5    | Noticed a dread lich
151129 | Zot:5    | Killed an orb of fire
151280 | Zot:5    | Gained mutation: You occasionally shout uncontrollably at
                  | your foes. [an orb of fire]
151285 | Zot:5    | Killed an orb of fire
151576 | Zot:5    | Noticed an ancient lich
151602 | Zot:5    | Noticed an orb of fire
151747 | Zot:5    | Killed an orb of fire
151755 | Zot:5    | Noticed a dread lich
151758 | Zot:5    | Killed an ancient lich
151759 | Zot:5    | Killed an orb of fire
152175 | Zot:4    | Killed a dread lich
152177 | Zot:4    | Killed a dread lich
152910 | Zot:5    | Got the Orb of Zot
153099 | Zot:1    | Noticed Kawnung the pandemonium lord
153569 | D:1      | Noticed Uwkih the pandemonium lord
153582 | D:$      | Escaped with the Orb!

Illustrated notes

Levels and vault maps discovered:
D:1:      shiori_arrival_maze, layout_basic,
          hellmonk_ecumenical_altar_pennies_from_heaven, chequers_avenue,
          minivault_23
D:2:      layout_basic, minmay_fountain_box, minmay_surrounded
D:3:      layout_loops_ring, nicolae_shop_unique_rings
D:4:      layout_loops_ring, nicolae_ashenzari_panopticon,
          mainiacjoe_overflow_catwalk
D:5:      layout_basic, minmay_temple_entry_mist, serial_shops,
          kennysheep_little_box, minmay_shop_grid_forest
D:6:      layout_gridville, mainiacjoe_overflow_six_doors_small,
          nicolae_wu_jian_wuxing_cycle, grunt_temple_overflow_order_and_chaos_1,
          nicolae_concentric_dashed_squares_wild, st_stairs_2
D:7:      layout_loops_ring, nicolae_sif_muna_condensation,
          nicolae_vehumet_altar_sigil, uniq_pikel, uniq_joseph
D:8:      cheibrodos_wizards_tower, layout_basic, mainiacjoe_overflow_alcove_1,
          lemuel_doored_altar, mainiacjoe_overflow_tiny_flanked,
          serial_corexii_hall, chequers_hall_statues_corner_a,
          corexii_hall_statues_t, dreamdust_princess_bridge, kennysheep_diamond,
          uniq_psyche
D:9:      layout_long_grid, nemelex_spade_bored_becter, serial_shops, shop,
          uniq_grum
D:10:     layout_roguey, nicolae_gozag_zags_fifth_avenue, lemuel_crystal_altar,
          david_orc_2, corexii_checkpoint_a, eino_tiny_chamber,
          minmay_misc_feat_four_crosses
D:11:     cheibrodos_helix_gallery, layout_grid_maze, erik_lair_dragon
D:12:     layout_roguey, serial_shops, nicolae_shop_competitors_out_of_business,
          nicolae_shop_behind_doors, uniq_kirke
D:13:     layout_irregular_city, roderic_roman_lattice, zin_academy
D:14:     layout_rooms, david_vaults_1, hangedman_decor_lopped,
          gammafunk_ghost_abyssal_escape, drop_trap, uniq_azrael, uniq_frances
D:15:     hangedman_depths_entry_civil_slaughter, layout_grid_maze,
          serial_park_square2, laboratory
Temple:   hellmonk_temple_rainy
Lair:1:   layout_hall_layers, uniq_urug, uniq_harold, uniq_gastronok
Lair:2:   layout_regular_city, swamp_mist_pool, uniq_fannar
Lair:3:   layout_layer_cave, nicolae_spider_entry_tight_spaces,
          grunt_forest_large_clearings, serial_bayou_shore_b
Lair:4:   layout_long_grid, slime_entry_1, pdpol_lair_neglected_garden
Lair:5:   minmay_lair_end_frog_pond, layout_layer_cave,
          gammafunk_ghost_wrathful_warriors, gauntlet_entry_generic,
          infiniplex_staircase_pool
Swamp:1:  nicolae_swamp_standing_stones, layout_falls_marsh,
          portal_ice_cave_entry_pillars_four, nicolae_swamp_small_spring,
          infiniplex_staircase_pool_2, uniq_jorgrun
Swamp:2:  dpeg_oklob_gauntlet, layout_falls_marsh, hangedman_swamp_ruin_hall,
          hangedman_swamp_pad, nicolae_swamp_hydra_murder_den
Swamp:3:  layout_basic_swamp, serial_swamp_ruin, evilmike_swamp_ruin_house_6,
          evilmike_swamp_ruin_house_2, evilmike_swamp_ruin_wall
Swamp:4:  swamp, layout_basic_swamp, swamp_pool1
Spider:1: layout_chambers, nicolae_spider_nooks_and_crannies, uniq_nikola
Spider:2: layout_chambers, nicolae_spider_not_touching_you, uniq_asterion
Spider:3: gammafunk_boulding_lane
Spider:4: grunt_spider_rune_parallel
Orc:1:    layout_diamond_mine
Orc:2:    pf_orc_diabolical, layout_caves, nicolae_shop_clearance
Elf:1:    eino_elf_arrival_shootout, layout_geoelf_octagon, serial_shops,
          nicolae_square_shop, minmay_elf_annihilation, grunt_ministairs_1
Elf:2:    nicolae_elf_blades_crystal_corner, layout_loops_corners, serial_shops,
          nicolae_take_the_stairs
Elf:3:    elf_hall_gauntlet_narrow, layout_onion_city, serial_shops,
          bzr_entry_dummy
Vaults:1: nicolae_vaults_yaktaur_gun_rack, hangedman_vaults_stitches,
          nicolae_vaults_triangles, vaults_dpeg_ring, ontoclasm_vaults_shout,
          hangedman_vaults_stagger, layout_vaults_big_room, serial_shops, shop
Vaults:2: minmay_crypt_entry_simple_plaza, grunt_vaults_diagonal, v_misc_22,
          ontoclasm_vaults_ligature, ontoclasm_vaults_decontamination,
          nicolae_vaults_little_squares_6, v_rooms_3,
          vaults_mumra_minichess_inversion, grunt_vaults_funnel,
          grunt_vaults_hallway_short, layout_vaults_ring, enter_trove_2
Vaults:3: mu_enter_wizlab_4, hangedman_vaults_slice, ontoclasm_vaults_eye,
          vaults_room_door_ring, ontoclasm_vaults_ring_small, v_alt_pattern_2,
          v_misc_16, v_alt_pattern_2, v_misc_9, v_alt_pattern_6,
          vaults_room_stairs_pillars, ontoclasm_vaults_ring_square,
          serial_ice_h, v_misc_15, layout_vaults_maze_snakey
Vaults:4: v_misc_23, vaults_room_door_ring, vaults_room_semicircle,
          nicolae_vaults_network_periphery, vaults_mumra_hex,
          nicolae_vaults_inception_corners, v_pattern_1,
          nicolae_vaults_network_star, ontoclasm_vaults_fault,
          nicolae_vaults_little_squares_2, nicolae_vaults_sealed_display,
          nicolae_vaults_shelves_hall, layout_vaults_big_cross
Vaults:5
Depths:1: layout_gridlike, pf_coc_iceberg, serial_shops,
          nicolae_shop_hallway_stairs, serial_bayou_pond_e, serial_aquarium,
          aquarium_bridge_long_separate [aquarium_subvault_bridge,
          aquarium_subvault_window, aquarium_subvault_wall,
          aquarium_subvault_bridge, aquarium_subvault_wall,
          aquarium_subvault_window], aquarium_window_fake,
          aquarium_window_corridor_2, aquarium_window_fake, aquarium_view_2e,
          aquarium_view_2d, ebering_dispersal_statue_hall,
          nicolae_yredelemnul_ghost_church, minmay_shop_grove, uniq_mara
Depths:2: nicolae_terramorphic_expanse [nicolae_terramorphic_quarter,
          nicolae_terramorphic_quarter, nicolae_terramorphic_quarter,
          nicolae_terramorphic_quarter, nicolae_terramorphic_quarter,
          nicolae_terramorphic_biome, nicolae_terramorphic_biome,
          nicolae_terramorphic_biome, nicolae_terramorphic_biome],
          layout_honeycomb, hellmouth_3, pan_entry, abyss_entry_crystal,
          hellmonk_ghost_happy_afterlife, nicolae_kikubaaqudgha_miasma_corner,
          serial_bayou_shore_b
Depths:3: minmay_the_grid_square_5x5_5x5 [minmay_the_grid_square_5x5_six_small,
          minmay_the_grid_square_5x5_plus, minmay_the_grid_square_5x5_hourglass,
          minmay_the_grid_square_5x5_three_walls,
          minmay_the_grid_square_5x5_two_walls_a,
          minmay_the_grid_square_5x5_seven,
          minmay_the_grid_square_5x5_prize_snowflake,
          minmay_the_grid_square_5x5_detours,
          minmay_the_grid_square_5x5_prize_pseudospiral,
          minmay_the_grid_square_5x5_minimal,
          minmay_the_grid_square_5x5_dogpile, minmay_the_grid_square_5x5_slash,
          minmay_the_grid_square_5x5_prize_itemx,
          minmay_the_grid_square_5x5_three_small,
          minmay_the_grid_square_5x5_misaligned,
          minmay_the_grid_square_5x5_shuriken,
          minmay_the_grid_square_5x5_prize_junk,
          minmay_the_grid_square_5x5_empty,
          minmay_the_grid_square_5x5_prize_waves,
          minmay_the_grid_square_5x5_six, minmay_the_grid_square_5x5_forky,
          minmay_the_grid_square_5x5_tri_point,
          minmay_the_grid_square_5x5_shrine2, minmay_the_grid_square_5x5_c,
          minmay_the_grid_square_5x5_eight], layout_cave_pools,
          enter_ziggurat_f, abyss_entry, minmay_misc_feat_tower, hell_entry,
          led_xom_imps
Depths:4: evilmike_zot_entry_basic, layout_basic, chequers_jeans,
          grunt_mini_vestibule, gammafunk_ghost_crypt, grunt_megastairs_4,
          uniq_sojobo, uniq_saint_roka
Zot:1:    layout_twisted_circle, grunt_megastairs_5
Zot:2:    layout_basic, gammafunk_ghost_ooze, grunt_ministairs_1
Zot:3:    layout_gridlike, nicolae_zot_crop_circle, uniq_grunn
Zot:4:    layout_gridville, zot_minivault_4, lemuel_elevator
Zot:5:    layout_gridlike

Skill      XL: |  1  2  3  4  5  6  7  8  9 10 11 12 13 14 15 16 17 18 19 20 21 22 23 24 25 26 27 |
---------------+----------------------------------------------------------------------------------+-----
Spellcasting   | 5 6 7 8 9 10 11 12 13 14 15 16 17 18 19 | 19.6
Invocations    | 1 2 3 4 5 6 7 8 10 11 12 13 14 15 16 17 18 19 20 | 20.6
Short Blades   | 1 2 3 5 6 7 8 9 10 11 12 13 14 15 16 17 18 19 | 19.1
Long Blades    | 1 2 3 5 6 7 8 9 10 11 12 13 14 15 16 17 18 19 | 19.1
Axes           | 1 2 3 5 6 7 8 9 10 11 12 13 14 15 16 17 18 19 | 19.1
Maces & Flails | 1 2 3 5 6 7 8 9 10 11 12 13 14 15 16 17 18 19 | 19.1
Polearms       | 1 2 3 5 6 7 8 9 10 11 12 13 14 15 16 17 18 19 | 19.1
Staves         | 1 2 3 5 6 7 8 9 10 11 12 13 14 15 16 17 18 19 | 19.1
Ranged Weapons | 1 2 3 5 6 7 8 9 10 11 12 13 14 15 16 17 18 19 | 19.1
Throwing       | 1 2 3 5 6 7 8 9 10 11 12 13 14 15 16 17 18 19 | 19.1
Armour         | 1 2 3 5 6 7 8 9 10 11 12 13 14 15 16 17 18 19 | 19.1
Stealth        | 1 2 3 5 6 7 8 9 10 11 12 13 14 15 16 17 18 19 | 19.1
Shields        | 1 2 3 5 6 7 8 9 10 11 12 13 14 15 16 17 18 19 | 19.1
Unarmed Combat | 1 2 3 5 6 7 8 9 10 11 12 13 14 15 16 17 18 19 | 19.1
Evocations     | 1 2 3 5 6 7 8 9 10 11 12 13 14 15 16 17 18 19 | 19.1
Hexes          | 1 2 3 4 5 6 7 8 9 10 11 12 13 14 15 16 | 16.2
Summonings     | 1 2 3 4 5 6 7 8 9 10 11 12 13 14 15 16 | 16.2
Necromancy     | 1 2 3 4 5 6 7 8 9 10 11 12 13 14 15 17 | 17.3
Translocations | 1 2 3 4 5 6 7 8 9 10 11 12 13 14 15 16 17 18 19 | 19.4
Transmutations | 1 2 3 4 5 6 7 8 9 10 11 12 13 14 15 16 | 16.2
Fire Magic     | 1 2 3 4 5 6 7 8 9 10 11 12 13 14 15 16 | 16.2
Ice Magic      | 1 2 3 4 5 6 7 8 9 10 11 12 13 14 15 16 | 16.2
Air Magic      | 1 2 3 4 5 6 7 8 9 10 11 12 13 14 15 16 | 16.2
Poison Magic   | 1 2 3 4 5 6 7 8 9 10 11 12 13 14 15 16 | 16.2
Fighting       | 3 4 5 6 7 8 9 10 11 12 13 14 15 16 17 18 19 | 19.2
Earth Magic    | 4 5 6 7 8 9 10 11 12 13 14 15 16 | 16.7
Dodging        | 5 6 7 8 9 10 11 12 13 14 15 16 17 18 19 | 19.5
Conjurations   | 6 7 8 9 10 11 12 13 14 15 16 17 | 17.1

Action                   |  1- 3 |  4- 6 |  7- 9 | 10-12 | 13-15 | 16-18 | 19-21 | 22-24 | 25-27 || total
-------------------------+-------+-------+-------+-------+-------+-------+-------+-------+-------++-------
Melee: Dagger            |   167 |       |       |       |       |       |       |       |       ||   167
       Bite              |    28 |    14 |     5 |     8 |    22 |     9 |    43 |    24 |    43 ||   196
       Punch             |     3 |     7 |       |     3 |    10 |       |       |       |       ||    23
       Club              |    88 |   114 |    54 |       |       |       |       |       |       ||   256
       Whip              |       |       |     4 |    57 |   118 |    44 |     1 |       |       ||   224
       Rapier            |       |       |       |       |       |       |   182 |   164 |   194 ||   540
 Fire: Sling             |    17 |       |       |       |       |       |       |       |       ||    17
 Cast: Stone Arrow       |     5 |    69 |   127 |   348 |   646 |   296 |       |       |       ||  1491
       Airstrike         |       |       |       |     7 |    78 |   511 |   361 |  1018 |   270 ||  2245
       Spellforged Servi |       |       |       |       |    36 |   140 |   132 |   131 |   122 ||   561
       Iron Shot         |       |       |       |       |     4 |     6 |    15 |       |       ||    25
       Iskenderun's Myst |       |       |       |       |     3 |     2 |       |     3 |       ||     8
       Tukima's Dance    |       |       |       |       |       |     1 |       |       |       ||     1
       Lehudib's Crystal |       |       |       |       |       |       |    87 |    57 |   137 ||   281
       Orb of Destructio |       |       |       |       |       |       |    17 |       |       ||    17
       Enfeeble          |       |       |       |       |       |       |       |     2 |    20 ||    22
       Polar Vortex      |       |       |       |       |       |       |       |     1 |     1 ||     2
       Fire Storm        |       |       |       |       |       |       |       |       |    16 ||    16
Invok: Curse Item        |       |       |     2 |     5 |     2 |     4 |     2 |     4 |       ||    19
       Shatter the Chain |       |       |       |       |     2 |     2 |     3 |     2 |       ||     9
Evoke: Wand              |       |       |       |     1 |     5 |    12 |     4 |     4 |     1 ||    27
  Use: Potion            |     3 |     1 |     1 |     2 |     5 |       |     8 |     5 |    15 ||    40
       Scroll            |       |       |     9 |     2 |     4 |     6 |    11 |     4 |     5 ||    41
 Stab: Sleeping          |       |       |       |       |     2 |     1 |       |       |       ||     3
       Distracted        |       |       |       |       |     1 |       |     8 |     3 |    14 ||    26
Armor: Leather armour    |   119 |    59 |    25 |    73 |   200 |    17 |       |       |       ||   493
       Skin              |     4 |       |       |       |       |       |       |       |       ||     4
       Robe              |       |       |       |       |       |   194 |    90 |    73 |    32 ||   389
Dodge: Dodged            |   251 |   114 |   108 |   210 |   652 |   383 |   226 |   337 |   170 ||  2451
Block: Other             |       |       |       |       |    25 |       |       |       |       ||    25
       Reflection        |       |       |       |       |    11 |    26 |    80 |    59 |    26 ||   202
       Kite shield       |       |       |       |       |       |   535 |   400 |   493 |   220 ||  1648

Table legend: (Time is in decaauts)
 A = Elapsed time spent in this place.
 B = Non-inter-level travel time spent in this place.
 C = Inter-level travel time spent in this place.
 D = Time resting spent in this place.
 E = Time spent auto-exploring this place.
 F = Levels seen in this place.
 G = Mean time per level.
                   A        B        C        D        E       F      G
               +--------+--------+--------+--------+--------+-----+--------+
         Total | 153889 | 147422 |   6467 |  71024 |  53905 |  53 | 2903.6 |
       Dungeon |  31753 |  29183 |   2570 |   7368 |  17219 |  15 | 2116.9 |
        Temple |     15 |      7 |      8 |      0 |      0 |   1 |   15.0 |
          Lair |  20688 |  19789 |    899 |   9441 |   6999 |   5 | 4137.6 |
         Swamp |  16838 |  16190 |    648 |  11942 |   2839 |   4 | 4209.5 |
   Spider Nest |  13746 |  13342 |    404 |   7232 |   4497 |   4 | 3436.5 |
  Orcish Mines |   3584 |   3370 |    214 |   1052 |   1653 |   2 | 1792.0 |
   Elven Halls |   9047 |   8811 |    236 |   3085 |   4036 |   3 | 3015.7 |
        Vaults |  19157 |  18469 |    688 |   8690 |   6560 |   5 | 3831.4 |
        Depths |  23428 |  22841 |    587 |  15637 |   4658 |   4 | 5857.0 |
           Zot |  11894 |  11684 |    210 |   5528 |   4101 |   5 | 2378.8 |
         Abyss |    341 |    341 |      0 |     50 |      0 |   1 |  341.0 |
        Bazaar |    136 |    136 |      0 |      0 |     75 |   1 |  136.0 |
         Trove |    247 |    247 |      0 |      0 |      0 |   1 |  247.0 |
        Wizlab |   2066 |   2066 |      0 |    741 |    880 |   1 | 2066.0 |
      Gauntlet |    942 |    942 |      0 |    257 |    386 |   1 |  942.0 |
               +--------+--------+--------+--------+--------+-----+--------+

Top non-repeatable levels by time:
Depths:2: 9200 daAuts
 Swamp:3: 8801 daAuts
  Lair:4: 6810 daAuts
Depths:3: 6146 daAuts
Vaults:5: 5386 daAuts
  Lair:5: 4586 daAuts
Depths:4: 4489 daAuts
Vaults:4: 4412 daAuts
   Zot:5: 4039 daAuts
    D:14: 3972 daAuts
   Elf:3: 3764 daAuts
Spider:1: 3630 daAuts
Depths:1: 3592 daAuts
 Swamp:2: 3570 daAuts
Vaults:1: 3510 daAuts
